 Dungeon Crawl Stone Soup version 0.30-a0-540-g0af01429fa (webtiles) character file.

Game seed: 2366548024765872254

11 drugrobin the Sneak (level 2, -1/25 HPs)
             Began as a Demigod Delver on Dec 25, 2022.
             Slain by a hound (3 damage)
             ... on level 5 of the Dungeon.
             The game lasted 00:00:52 (205 turns).

drugrobin the Sneak (Demigod Delver)                 Turns: 205, Time: 00:00:52

Health: -1/25      AC:  4    Str: 13    XL:     2   Next: 6%
Magic:  4/4        EV: 11    Int: 12    God:
Gold:   26         SH:  0    Dex: 15    Spells: 1/1 levels left

rFire   . . .      SeeInvis .      - Unarmed
rCold   . . .      Faith    .    (no shield)
rNeg    . . .      Spirit   .    a - +0 leather armour
rPois   .          Reflect  .    (no helmet)
rElec   .          Harm     .    (no cloak)
rCorr   .          Rampage  .    (no gloves)
Will    .....                    k - +0 pair of boots
Stlth   +++                      j - amulet of magic regeneration
HPRegen 0.24/turn                (no ring)
MPRegen 0.49/turn                (no ring)

@: no status effects
A: high MP 1, forlorn, divine attributes
a: no special abilities


You were on level 5 of the Dungeon.
You visited 1 branch of the dungeon, and saw 2 of its levels.

You collected 26 gold pieces.

Inventory:

Armour
 a - a +0 leather armour (worn)
 k - a +0 pair of boots (worn)
Jewellery
 j - an amulet of magic regeneration (around neck)
Wands
 f - a wand of digging (3)
 g - a wand of acid (9)
Scrolls
 b - a scroll of fog
 c - a scroll of magic mapping
 d - 2 scrolls of fear
 h - a scroll of amnesia {unknown}
 i - a scroll of teleportation {unknown}
Potions
 e - a potion of haste


   Skills:
 - Level 2.6 Fighting
 - Level 1.7 Dodging
 - Level 4.5 Stealth
 + Level 2.6 Unarmed Combat


You had one spell level left.
You didn't know any spells.
Your spell library was empty.

Dungeon Overview and Level Annotations

Branches:
Dungeon (5/15)
 Temple: D:4-7

Annotations:
D:5 exclusion: adder


Innate Abilities, Weirdness & Mutations

You have an increased reservoir of magic. (+10% MP)
You shall have no god before yourself.
Your divine heritage dramatically boosts your attributes as you level up.


Message History

The hound is severely wounded.
The hound closely misses you.
You barely miss the hound.
The hound is severely wounded.
The hound bites you but does no damage. The hound bites you.
You miss the hound.
The hound is severely wounded.
The hound bites you.
You hit the hound but do no damage.
The hound is severely wounded.
The hound bites you. x2
You closely miss the hound.
The hound is severely wounded.
The hound bites you.
You barely miss the hound.
The hound is severely wounded.
The hound bites you.
* * * LOW HITPOINT WARNING * * *
You closely miss the hound.
The hound is severely wounded.
The hound misses you. The hound barely misses you.
You hit the hound.
The hound is severely wounded.
The hound bites you.
* * * LOW HITPOINT WARNING * * *
You hit the hound but do no damage.
The hound is severely wounded.
The hound barely misses you. The hound bites you.
* * * LOW HITPOINT WARNING * * *
Unknown command.
Unknown command.
You closely miss the hound.
The hound is severely wounded.
The hound closely misses you.
Unknown command.
Unknown command.
You barely miss the hound.
The hound is severely wounded.
The hound bites you.
You die...

....................># .......
.####.#....#.........# S....
.#...................# ... .
.#.##.###.##.........# #.# #.
............########.# #.# #.
.#..........##### #.# ##.## #.
................####.# ###...###.
.........<#.###...##.###~~...~~#.
..........#.....@h.....#~..♣..~#.
..........########....#..........
..........# ......#.....♣._.♣...
..........# .####.#............#
.########## #.#.#.#~..♣..~## .
#.#.#.#~~...~~# . .#...###...###
. ####.#....## . #....>##


You could see a hound.

Vanquished Creatures
  An adder (D:5)
  A dart slug (D:5)
2 creatures vanquished.

Notes
Turn   | Place    | Note
-------+----------+-------------------------------------------
     0 | D:5      | drugrobin the Demigod Delver began the quest for the Orb.
     0 | D:5      | Reached XP level 1. HP: 18/18 MP: 3/3
   114 | D:5      | Reached XP level 2. HP: 16/25 MP: 4/4
   205 | D:5      | Slain by a hound

Illustrated notes

Levels and vault maps discovered:
D:4:      layout_loops_ring, nicolae_shop_i_like_big_books,
          hellmonk_guarded_unrand_hermit, uniq_sigmund, uniq_robin, uniq_duvessa
D:5:      layout_basic, elyvilon_altar_4, minmay_misc_feat_cross

Skill      XL: |  1 |
---------------+----+-----
Unarmed Combat | 2 |  2.6
Fighting       | |  2.6
Dodging        | |  1.7
Stealth        | |  4.5

Action                   || total
-------------------------++-------
Melee: Unarmed           ||    35
Armor: Leather armour    ||     8
Dodge: Dodged            ||    14

Table legend: (Time is in decaauts)
 A = Elapsed time spent in this place.
 B = Non-inter-level travel time spent in this place.
 C = Inter-level travel time spent in this place.
 D = Time resting spent in this place.
 E = Time spent auto-exploring this place.
 F = Levels seen in this place.
 G = Mean time per level.
                   A        B        C        D        E       F      G
               +--------+--------+--------+--------+--------+-----+--------+
         Total |    203 |    203 |      0 |     22 |     57 |   2 |  101.5 |
       Dungeon |    203 |    203 |      0 |     22 |     57 |   2 |  101.5 |
               +--------+--------+--------+--------+--------+-----+--------+

Top non-repeatable levels by time:
     D:5: 202 daAuts
     D:4: 1 daAuts
